078, chaotic male human Convict ---------------- |..............+ |..............| ------- |..............|###############################-.....| |...............# # |..<..| --.------------- -.----- ## # # # 0### # -------|---- # |......@:..- # |.......a.)| # |..........| ##### |..........| ---.-.---.------ ------------ |..[....%......| |..............| |.>)...........| |.....0...$....| ---------------- 078 the Jail-bird Experience level: 8 Strength: 17 Dexterity: 16 Constitution: 16 Intelligence: 9 Wisdom: 12 Charisma: 7 Health: 0(62) Energy: 35(35) AC: 3 Gold: 147 Moves: 4697 Your Inventory: Coins $ - 147 gold pieces Weapons g - an [uncursed +0] dagger [of searching] p - an [uncursed +0] broad pick [dwarvish mattock] (weapon in hands) M - an [uncursed +0] silver dagger Armor o - an [uncursed +0] hard hat [dwarvish iron helm] q - a [blessed +0] pair of hard shoes [iron] r - an [uncursed +0] pair of hard shoes [iron] v - an [uncursed +0] tattered cape [cloak of protection] F - a [blessed] +2 elven mithril-coat (being worn) Q - an [uncursed +0] hard hat [dwarvish iron helm] R - an [uncursed +0] pair of hard shoes [iron] Comestibles y - 2 [uncursed stale] eggs D - 2 [cursed] food rations I - an [uncursed] partly eaten food ration O - 2 [uncursed] food rations W - an [uncursed] lizard corpse Scrolls i - a [cursed] unlabeled scroll [of blank paper] j - 2 [uncursed] unlabeled scrolls [of blank paper] t - an [uncursed] scroll labeled VELOX NEB [of remove curse] z - a [blessed] scroll called earth [of earth] A - an [uncursed] scroll called earth [of earth] J - an [uncursed] scroll labeled TEMOV [of light] V - an [uncursed] scroll labeled THARR [of confuse monster] Potions C - an [uncursed] fizzy potion [of invisibility] K - an [uncursed] greasy potion [of confusion] L - an [uncursed] golden potion [of healing] Wands l - an [uncursed] wand of striking [0:3] m - an [uncursed] wand of magic missile [0:3] G - an [uncursed] wand of enlightenment [0:10] U - a [cursed] wand of undead turning [0:3] Tools b - a [cursed] bag [sack] h - an [uncursed] towel k - an [uncursed] lock pick u - an [uncursed +0] unicorn horn N - 3 [uncursed tallow] candles T - an [uncursed] blindfold Gems e - an [uncursed] gray stone [flint] Contents of the sack: an [uncursed +0] runed bow [elven] Spells known in the end: Name Level Category Fail Memory Your skills at the end: Fighting Skills Weapon Skills pick-axe [Basic / Expert] sling [Basic / Skilled] Spellcasting Skills Final Attributes: You were piously aligned. Hunger level was 347. Your alignment was 31 / 33. Monster difficulty range was 1 - 7. Level difficulty was 7. You resisted fire. You were immune to poison. You were immune to sickness. Your luck was zero. You are dead. Vanquished creatures: 2 small mimics a leather golem a cockatrice a wolf an orc-captain a dwarf mummy a gold golem 2 lizards a dwarf lord a white unicorn 2 snow ants a bugbear 2 Mordor orcs an orc shaman a rock mole a shrieker 6 gnome lords a gnomish wizard a gray ooze an elf zombie a straw golem a paper golem 3 giant ants a floating eye a kitten 7 dwarves a centipede a giant bat a werejackal 3 iguanas 3 acid blobs 4 hobbits 2 large kobolds 5 hobgoblins 2 cave spiders 21 gnomes a gnome zombie 3 geckos 11 jackals a fox a kobold 2 goblins 5 grid bugs a newt 111 creatures vanquished. Voluntary challenges: You used a wielded weapon 156 times. You read items or engraved 43 times. You put on armor 2 times. You never genocided any monsters. You never polymorphed an object. You never changed form. You used no wishes. You wrote Elbereth's name 29 times. You encountered 1 bones level. You never used any Sokoban shortcuts. Dungeon overview: The Dungeons of Doom: levels 1 to 10 Level 1 a fountain a long staircase Level 2 a general store Level 3 some sinks stairs to The Gnomish Mines Level 4 a fountain Level 5 some fountains Level 6 a throne Level 7 <- You were here Level 8 stairs to Sokoban Level 9 some sinks The Gnomish Mines: levels 4 to 6 Level 4 stairs to The Dungeons of Doom Sokoban: Level 7 a magic chest stairs to The Dungeons of Doom History has recorded: On T:1 you entered the Dungeons of Doom to retrieve the Amulet of Yendor! On T:204 you reached level 2 of The Dungeons of Doom. On T:253 you advanced to experience level 2. On T:321 you advanced to experience level 3. On T:366 you advanced to experience level 4. On T:405 you advanced to experience level 5. On T:446 you reached level 3 of The Dungeons of Doom. On T:474 you reached level 4 of The Dungeons of Doom. On T:613 you reached level 5 of The Dungeons of Doom. On T:656 you advanced to experience level 6. On T:798 you reached level 6 of The Dungeons of Doom. On T:1112 you reached level 7 of The Dungeons of Doom. On T:1141 you reached level 8 of The Dungeons of Doom. On T:1300 you reached level 9 of The Dungeons of Doom. On T:1493 you advanced to experience level 7. On T:1618 you reached level 10 of The Dungeons of Doom. On T:1860 you reached level 3 of Sokoban. On T:2756 you advanced to experience level 8. On T:3187 you reached level 1 of The Gnomish Mines. On T:3484 you reached level 2 of The Gnomish Mines. On T:4261 you reached level 3 of The Gnomish Mines. Latest messages: v - a tattered cape. The door opens. A cloud of gas puts you to sleep! You dream that you hear rumbling in the distance. The iguana bites! (2x) The soldier ant bites! The soldier ant stings! The iguana bites! The soldier ant bites! The soldier ant stings! The soldier ant bites! The soldier ant stings! The soldier ant just misses! The soldier ant stings! The iguana bites! The combat suddenly awakens you. [24 turns] You write with your fingers into the dust. The soldier ant bites! The soldier ant stings! You die... Final status: Goodbye 078 the Convict... You died in The Dungeons of Doom on dungeon level 7 with 7055 points, and 147 pieces of gold, after 4697 moves. You were level 8 with a maximum of 62 hit points when you died.